 Dungeon Crawl Stone Soup version 0.24.0-13-gcf9b3192b9 (webtiles) character file.

Game seed: 14915135352271768702, levelgen mode: deterministic

2110 Arum the Cleaver (level 9, -8/82 HPs)
             Began as a Minotaur Gladiator on Nov 10, 2019.
             Was a Follower of Okawaru.
             Mangled by an orc warrior
             ... wielding a +1 long sword of electrocution
              (17 damage)
             ... on level 7 of the Dungeon.
             The game lasted 00:08:46 (5013 turns).

Arum the Cleaver (Minotaur Gladiator)               Turns: 5013, Time: 00:08:47

Health: -8/82      AC: 10    Str: 19    XL:     9   Next: 7%
Magic:  1/2        EV: 16    Int:  5    God:    Okawaru [*.....]
Gold:   322        SH:  3    Dex: 15    Spells: 8/8 levels left

rFire    . . .     SeeInvis .   G - +1 hand axe (antimagic)
rCold    + . .     Gourm    .   (no shield)
rNeg     . . .     Faith    .   y - +4 ring mail
rPois    +         Spirit   .   c - +0 hat
rElec    .         Reflect  +   D - +0 cloak
rCorr    .         Harm     .   (no gloves)
MR       .....                  (no boots)
Stlth    +.........             J - +3 amulet of reflection
HPRegen  0.23/turn              m - ring of poison resistance
MPRegen  0.08/turn              x - ring of protection from cold

@: no status effects
A: retaliatory headbutt, horns 2
a: Heroism, Renounce Religion


You were on level 7 of the Dungeon.
You worshipped Okawaru.
Okawaru was aware of your devotion.
You were not hungry.

You visited 2 branches of the dungeon, and saw 8 of its levels.
You also visited: Sewer.

You collected 322 gold pieces.

Inventory:

Hand Weapons
 a - a +0 war axe
 G - a +1 antimagic hand axe (weapon)
Missiles
 d - 3 throwing nets (quivered)
Armour
 c - a +0 hat (worn)
 l - a +0 scale mail
 y - a +4 ring mail (worn)
 D - a +0 cloak (worn)
Jewellery
 m - a ring of poison resistance (left hand)
 x - a ring of protection from cold (right hand)
 E - the ring of Dissent {rN+ Stlth-}
   (You found it on level 5 of the Dungeon)

   [ring of attention]

   It protects you from negative energy.
   It makes you less stealthy.
 J - a +3 amulet of reflection (around neck)
Wands
 p - a wand of flame (25)
 K - a wand of disintegration (12)
Scrolls
 b - 3 scrolls of amnesia {unknown}
 e - 5 scrolls of teleportation {unknown}
 g - 2 scrolls of enchant weapon {unknown}
 i - 5 scrolls of identify
 o - 5 scrolls of magic mapping {unknown}
 q - a scroll of immolation {unknown}
 r - a scroll of noise {unknown}
 t - a scroll of random uselessness {unknown}
 u - 4 scrolls of remove curse {unknown}
 z - 2 scrolls of blinking {unknown}
 A - 2 scrolls of fog {unknown}
 B - a scroll of fear {unknown}
Potions
 h - a potion of might {unknown}
 j - 2 potions of degeneration {unknown}
 k - 2 potions of haste {unknown}
 n - 3 potions of curing
 s - a potion of cancellation {unknown}
 v - a potion of lignification {unknown}
 w - a potion of mutation {unknown}
 C - a potion of brilliance {unknown}
 F - a potion of berserk rage
Comestibles
 f - 9 rations
 I - 14 chunks of flesh


   Skills:
 + Level 8.6 Fighting
 + Level 9.1 Axes
 - Level 2.0 Throwing
 + Level 8.2 Dodging


You had 8 spell levels left.
You didn't know any spells.
Your spell library was empty.

Dungeon Overview and Level Annotations

Branches:
Dungeon (7/15)             Temple (1/1) D:5           Sewer (visited)

Altars:
Ashenzari
Fedhas
Gozag
Hepliaklqana
Kikubaaqudgha
Makhleb
Okawaru
Qazlal
Ru
Sif Muna
Trog
Uskayaw
Wu Jian
Xom
Yredelemnul
The Shining One

Annotations:
D:6 2 transporters, Arum's ghost, novice FoFi


Innate Abilities, Weirdness & Mutations

You reflexively headbutt those who attack you in melee.
You have a pair of horns on your head.


Message History

You slash the howler monkey!
The howler monkey is heavily wounded.
The howler monkey closely misses you.
You barely miss the howler monkey. Your headbutt misses the howler monkey.
The howler monkey is heavily wounded.
The howler monkey hits you but does no damage.
You hit the howler monkey. You headbutt the howler monkey!
You kill the howler monkey!
Okawaru accepts your kill.
You hit the orc warrior.
The orc warrior is lightly wounded.
The orc warrior hits you but does no damage.
You are electrocuted!
* * * LOW HITPOINT WARNING * * *
You hit the orc warrior.
The orc warrior is lightly wounded.
The orc warrior hits you with a +1 long sword of electrocution.
* * * LOW HITPOINT WARNING * * *
You are electrocuted!
You die...

...##.##(..)[).....#......
...##...<..#............#
...##......#.....(...o#
...###.....#.........##
.... #.....#.........#
....+......+.........#
....##.....#......o(.#
.... #.########+##o#†##
.... .. #.@o5#c.# ....
#######h##### ....
#....(...# ... #...5s...#
### #........# #........#
#........# #........#
#.......(#


You could see an orc warrior, an orc wizard and a shadow imp.

Vanquished Creatures
  An orc warrior (D:7)
  A sky beast (D:3)
  Purgy (Sewer)
  An ice beast (D:6)
  4 centaurs
  2 ogres
  3 bullfrogs
  5 scorpions
  3 howler monkeys (D:7)
  3 crimson imps
  4 orc priests
  A hound (D:2)
  2 jellies (D:6)
  2 worker ants
  An iguana (D:6)
  An orc wizard (D:5)
  A worker ant zombie (D:7)
  10 adders
  4 gnolls (D:2)
  5 worms
  2 dart slugs
  12 leopard geckos
  27 orcs
  5 ball pythons
  3 bats (D:2)
  7 giant cockroaches
  6 goblins
  3 hobgoblins
  5 jackals
  A quokka (D:6)
  9 frilled lizards
  A jackal skeleton (D:4)
  9 kobolds
  A leopard gecko skeleton (D:6)
  A leopard gecko zombie (D:6)
  A quokka skeleton (D:5)
  A quokka zombie (D:6)
149 creatures vanquished.

Vanquished Creatures (others)
  5 dream sheep (D:5)
5 creatures vanquished.

Grand Total: 154 creatures vanquished

Notes
Turn   | Place    | Note
-------+----------+-------------------------------------------
     0 | D:1      | Arum the Minotaur Gladiator began the quest for the Orb.
     0 | D:1      | Reached XP level 1. HP: 18/18 MP: 0/0
   209 | D:1      | Reached XP level 2. HP: 24/25 MP: 1/1
   495 | D:1      | Reached skill level 4 in Axes
   775 | D:2      | Reached XP level 3. HP: 27/31 MP: 2/2
   939 | D:2      | Reached XP level 4. HP: 29/39 MP: 3/3
  1427 | D:2      | You fall into a shaft and drop 2 floors!
  1455 | D:4      | Reached skill level 5 in Axes
  1455 | D:4      | Reached XP level 5. HP: 33/46 MP: 4/4
  1655 | D:3      | Noticed a sky beast
  1663 | D:3      | Killed a sky beast
  1663 | D:3      | Reached skill level 5 in Dodging
  1663 | D:3      | Reached XP level 6. HP: 31/55 MP: 5/5
  1739 | D:3      | Found a glowing drain.
  1767 | Sewer    | Entered a sewer
  1908 | Sewer    | Noticed Purgy
  1913 | Sewer    | Killed Purgy
  1913 | Sewer    | Reached skill level 5 in Fighting
  2167 | D:3      | Reached skill level 6 in Axes
  2776 | D:4      | Reached XP level 7. HP: 56/62 MP: 6/6
  3161 | D:5      | Entered Level 5 of the Dungeon
  3227 | D:5      | Got a coiled tin ring
  3228 | D:5      | Identified the ring of Dissent {rN+ Stlth-} (You found it
                  | on level 5 of the Dungeon)
  3377 | D:5      | Reached skill level 7 in Axes
  3412 | D:5      | Noticed a dream sheep
  3412 | D:5      | Noticed a dream sheep
  3412 | D:5      | Noticed a dream sheep
  3412 | D:5      | Noticed a dream sheep
  3412 | D:5      | Noticed a dream sheep
  3412 | D:5      | Found a shimmering altar of Xom.
  3416 | D:5      | Killed a dream sheep
  3417 | D:5      | Killed a dream sheep
  3417 | D:5      | Killed a dream sheep
  3418 | D:5      | Killed a dream sheep
  3418 | D:5      | Killed a dream sheep
  3753 | D:5      | Found a shattered altar of Ashenzari.
  3791 | D:5      | Reached XP level 8. HP: 66/71 MP: 2/7
  4000 | D:5      | Found a staircase to the Ecumenical Temple.
  4005 | Temple   | Entered the Ecumenical Temple
  4065 | Temple   | Became a worshipper of Warmaster Okawaru
  4223 | D:6      | Found a shimmering blue altar of Sif Muna.
  4411 | D:6      | Found an ornate altar of the Wu Jian Council.
  4496 | D:6      | Reached skill level 8 in Axes
  4676 | D:6      | Identified the +1 scale mail of the Evening {Str+4}
  4676 | D:6      | Identified the +3 buckler of Vanity {rF+ Str-5 Dex+3}
  4693 | D:6      | Found a transporter.
  4693 | D:6      | Found a transporter.
  4720 | D:6      | Noticed Arum's ghost (novice FoFi)
  4792 | D:6      | Identified the ring "Daocu" {rN++ Int+2 Dex+4 SInv}
  4863 | D:7      | Reached * piety under Okawaru
  5001 | D:7      | Reached skill level 9 in Axes
  5001 | D:7      | Reached XP level 9. HP: 30/82 MP: 0/8
  5013 | D:7      | Mangled by an orc warrior

Levels and vault maps discovered:
D:1:      dpeg_arrival_renting, layout_basic
D:2:      layout_loops_ring
D:3:      layout_rooms, portal_sewer_entry_f, wad_orctagon
D:4:      layout_cave_pools, first_ration, hex_large
D:5:      layout_cave_pools, kb_xom_exploding_sheep,
          ashenzari_conservatory_becter, temple_doors_e, hex_medium
D:6:      layout_loops_cross, lemuel_round_altar, basic_altar,
          gammafunk_ghost_gnarly_gnolls
D:7:      layout_basic, lightli_ossuary_entry_decrepit_ruins
Temple:   minmay_crystal_spiral_temple

Skill      XL: |  1  2  3  4  5  6  7  8 |
---------------+-------------------------+-----
Axes           | 4 5 6 7 9 |  9.1
Fighting       | 3 4 5 6 8 |  8.6
Dodging        | 4 5 6 8 |  8.2
Throwing       | |  2.0

Action                   |  1- 3 |  4- 6 |  7- 9 || total
-------------------------+-------+-------+-------++-------
Melee: War axe           |    40 |   140 |    21 ||   201
       Headbutt          |     8 |    18 |    38 ||    64
       Hand axe          |       |       |   144 ||   144
Invok: Heroism           |       |       |     1 ||     1
Evoke: Wand              |       |       |     3 ||     3
  Use: Potion            |       |     2 |     4 ||     6
       Scroll            |       |       |     2 ||     2
  Eat: Chunk             |       |     6 |     7 ||    13
Armor: Ring mail         |     2 |    23 |    49 ||    74
       Leather armour    |     1 |       |       ||     1
       Scale mail        |    11 |    44 |       ||    55
Dodge: Dodged            |    22 |   118 |   123 ||   263
Block: Other             |       |       |     5 ||     5
       Reflection        |       |       |     2 ||     2
